 Dungeon Crawl Stone Soup version 0.20-a0-766-g52e1353 (webtiles) character file.

2160 RKaid the Cleaver (level 9, -2/83 HPs)
             Began as a Hill Orc Berserker on Feb 26, 2017.
             Was a High Priest of Trog.
             Slain by a two-headed ogre
             ... wielding a +0 giant club
              (20 damage)
             ... on level 7 of the Dungeon.
             The game lasted 00:21:21 (7210 turns).

RKaid the Cleaver (Hill Orc Berserker)              Turns: 7210, Time: 00:21:22

Health: -2/83      AC:  9    Str: 23    XL:     9   Next: 31%
Magic:  9/9        EV:  8    Int:  7    God:    Trog [*****.]
Gold:   246        SH:  0    Dex: 10    Spells: 8/8 levels left

rFire    . . .     SeeInvis .   a - +1 war axe
rCold    + . .     Gourm    +   x - +0 chain mail
rNeg     . . .     Faith    .   (no shield)
rPois    +         Spirit   .   (no helmet)
rElec    .         Reflect  .   (no cloak)
rCorr    .         Harm     .   h - +0 pair of gloves
MR       .....                  (no boots)
Stlth    ..........             w - amulet of the gourmand {Gourm}
Regen    0.3/turn               A - ring of poison resistance {rPois}
MPRegen  0.2/turn               y - ring of protection from cold {rC+}

@: exhausted, slowed, very slow
A: no striking features
a: Berserk, Trog's Hand, Brothers in Arms, Burn Spellbooks, Renounce Religion


You were on level 7 of the Dungeon.
You worshipped Trog.
Trog was extremely pleased with you.
You were not hungry.

You visited 2 branches of the dungeon, and saw 8 of its levels.
You also visited: Sewer and Ossuary.

You collected 246 gold pieces.

Inventory:

Hand Weapons
 a - a +1 war axe (weapon)
   (You took it off an orc on level 3 of the Dungeon)
 b - a +0 hand axe of flaming
   (You took it off an orc on level 4 of the Dungeon)
 z - a +0 hand axe of venom
   (You took it off an orc on level 5 of the Dungeon)
Missiles
 m - 7 javelins (quivered)
Armour
 f - a +0 ring mail
   (You found it on level 1 of the Dungeon)
 h - a +0 pair of gloves (worn)
   (You found it on level 1 of the Dungeon)
 x - a +0 chain mail (worn)
   (You found it on level 1 of the Dungeon)
Jewellery
 o - an uncursed ring of ice {rC+, rF-}
   (You found it on level 3 of the Dungeon)
 w - an amulet of the gourmand (around neck) {Gourm}
   (You found it on level 4 of the Dungeon)
 y - a ring of protection from cold (left hand) {rC+}
   (You found it on level 5 of the Dungeon)
 A - a ring of poison resistance (right hand) {rPois}
   (You found it on level 6 of the Dungeon)
Wands
 e - a wand of acid (3/15)
   (You found it on level 4 of the Dungeon)
 k - a wand of random effects (18/48)
   (You found it on level 6 of the Dungeon)
 r - a wand of lightning (4/15)
   (You found it on level 6 of the Dungeon)
 C - a wand of paralysis (11/24)
   (You found it on level 7 of the Dungeon)
 D - a wand of iceblast (1/15)
   (You found it on level 7 of the Dungeon)
Scrolls
 i - a scroll of magic mapping {!r}
 l - a scroll of fog
 q - 6 scrolls of teleportation
 v - 2 scrolls of fear
Potions
 d - 8 potions of heal wounds
 j - 2 potions of cancellation
 n - a potion of haste {unknown}
 p - 3 potions of flight {unknown}
 s - 3 potions of invisibility {unknown}
 t - a potion of brilliance {unknown}
 u - 5 potions of curing
Comestibles
 c - 5 bread rations
 g - 2 meat rations
 B - 2 royal jellies


   Skills:
 + Level 9.1 Fighting
 * Level 12.9 Axes
 - Level 2.1 Armour
 - Level 1.5 Dodging


You had 8 spell levels left.
You didn't know any spells.

Dungeon Overview and Level Annotations

Branches:
Dungeon (7/15)             Temple (1/1) D:5

Altars:
Ashenzari
Cheibriados
Dithmenos
Elyvilon
Fedhas
Gozag
Hepliaklqana
Kikubaaqudgha
Makhleb
Nemelex Xobeh
Qazlal
Sif Muna
Trog
Uskayaw
Vehumet
Xom
Yredelemnul
Zin
The Shining One

Shops:
D:6 [*%(


Message History

The orc warrior hits you with a flail of protection!!
The orc priest shouts, "Join the one true god or die!"
An orc comes into view.
You barely miss the orc warrior. You closely miss the orc priest.
The orc shouts!
The orc priest hits you but does no damage.
The orc moves out of view.
You hit the orc warrior but do no damage.
You hit the orc priest.
The orc warrior hits you with a flail of protection!!
The orc wizard casts a cantrip, but nothing happens.
The orc priest closely misses you.
An orc wizard comes into view. It is wielding a dagger.
You are too injured to fight recklessly!
You are too injured to fight recklessly!
A red film seems to cover your vision as you go berserk!
You feel yourself moving faster!
You feel mighty!
You feel a lot more hungry.
The orc wizard shouts!
The orc warrior closely misses you.
The orc priest hits you but does no damage.
You barely miss the orc priest. You slash the orc warrior! You hit the orc.
The orc priest shouts, "Join the one true god or die!"
Something unseen opens the door.
An orc comes into view. It is wielding a dagger.
You closely miss the orc priest.
The orc shouts!
You hit the orc warrior. You closely miss the orc.
The orc hits you but does no damage.
The orc warrior hits you with a flail of protection.
The orc priest barely misses you.
You slash the orc priest! You hit the orc warrior. You slash the orc!
You kill the orc!
Trog accepts your kill.
You slice the orc priest!!
You kill the orc priest!
Trog accepts your kill.
Your Fighting skill increases to level 9!
You slice the orc warrior!!
You kill the orc warrior!
Trog accepts your kill.
You slash the worker ant! The worker ant bites you.
A two-headed ogre comes into view. It is wielding two giant clubs.
The two-headed ogre shouts in stereo!
You slash the worker ant!
The worker ant bites you but does no damage.
The orc wizard hits you but does no damage.
You see here a club.
You hit the worker ant.
You feel the power of Trog in you as your rage grows.
You kill the worker ant!
Trog accepts your kill.
You slash the orc wizard! The orc wizard closely misses you.
You slice the orc wizard!!
You kill the orc wizard!
Trog accepts your kill.
Trog appreciates your killing of a magic user.
You hit the orc. You slash the orc!
You feel the power of Trog in you as your rage grows.
You kill the orc!
Trog accepts your kill.
You are too injured to fight recklessly!
The orc wizard hits you but does no damage.
Items here: $ )) [ a dagger; 2 gold pieces; a flail of protection; a chain mail You slash the orc wizard!
Your chain mail prevents you from hitting the orc.
The orc hits you.
You closely miss the orc wizard. You slice the orc!!
You kill the orc!
Trog accepts your kill.
The orc wizard hits you but does no damage.
You slash the orc wizard!
You kill the orc wizard!
Trog accepts your kill.
Trog appreciates your killing of a magic user.
Things that are here:
a dagger; a robe You slice the orc!!
You kill the orc!
Trog accepts your kill.
Found 2 murky ruby potions.
Found a stone staircase leading up.
You feel a strong urge to attack something.
Things that are here:
a dagger; a robe You slice the two-headed ogre!!
The two-headed ogre hits you with a giant club!!
* * * LOW HITPOINT WARNING * * *
The two-headed ogre hits you with a giant club.
* * * LOW HITPOINT WARNING * * *
You slash the two-headed ogre!
You are no longer berserk.
You are exhausted.
You feel yourself slow down.
Your troll goes berserk!
You feel quite a bit more hungry.
The two-headed ogre hits you with a giant club.
* * * LOW HITPOINT WARNING * * *
The two-headed ogre hits you with a giant club!!
You die...

... #.... ... ####. # ###
#.# #####.#. #' #.. ...
..##.... !.. ###.###.#
#.###.## .... ......#.#
#.# #.## ..... ##...#.#
#.# #.##
......###......###.###.#.
......'T@................
......###O.........###.#.
.......O)))..####### #.##
....#####.#### #.## .<.
#.# #.# #+ #.# #.# #.#
#.# #.# #.# #.# #.##


You could see a two-headed ogre and a friendly troll (berserk).

Vanquished Creatures
  The ghost of krfreak the Gusty, a novice TeAE of Sif Muna (D:5)
  An orc warrior (D:7)
  2 centaurs
  2 ogres (D:6)
  An elf zombie (Ossuary)
  A big kobold (Sewer)
  2 scorpions
  A howler monkey (D:5)
  A crimson imp (D:6)
  A jelly (D:6)
  A centaur zombie (Ossuary)
  3 human zombies (Ossuary)
  A hound (D:6)
  6 orc wizards
  3 orc priests
  4 iguanas
  4 worker ants
  3 big kobold zombies (Ossuary)
  2 mummies (Ossuary)
  7 gnolls
  15 adders
  A river rat (D:4)
  4 oozes
  2 adder zombies
  3 worms
  4 dart slugs
  2 leopard geckos
  26 orcs
  6 bats
  6 giant cockroaches
  4 hobgoblins
  5 jackals
  2 quokkas
  3 ball pythons
  4 frilled lizards
  A giant cockroach zombie (D:5)
  6 goblins
  7 hobgoblin zombies (Ossuary)
  2 jackal skeletons (D:5)
  24 kobolds
  11 kobold zombies (Ossuary)
  A leopard gecko skeleton (D:4)
  8 orc zombies (Ossuary)
  18 rats
  2 rat zombies (Ossuary)
214 creatures vanquished.

Notes
Turn   | Place    | Note
-------+----------+-------------------------------------------
     0 | D:1      | RKaid the Hill Orc Berserker began the quest for the Orb.
     0 | D:1      | Reached XP level 1. HP: 19/19 MP: 1/1
   130 | D:1      | HP: 4/19 [goblin (3)]
   538 | D:1      | Reached XP level 2. HP: 27/27 MP: 2/2
   660 | D:1      | Reached skill level 4 in Fighting
   746 | D:1      | Reached ** piety under Trog
   869 | D:1      | Reached XP level 3. HP: 31/33 MP: 3/3
  1097 | D:1      | Reached skill level 5 in Axes
  1427 | D:2      | Reached XP level 4. HP: 41/41 MP: 4/4
  1830 | D:2      | Found a stormy altar of Qazlal.
  1831 | D:2      | Found a hide-covered altar of Uskayaw.
  1948 | D:3      | Reached skill level 6 in Axes
  2011 | D:3      | Reached XP level 5. HP: 47/47 MP: 5/5
  2122 | D:3      | Reached *** piety under Trog
  2124 | D:3      | Reached skill level 5 in Fighting
  2263 | D:3      | Found a snail-covered altar of Cheibriados.
  2734 | D:4      | Reached skill level 7 in Axes
  2735 | D:4      | Reached XP level 6. HP: 56/56 MP: 6/6
  3167 | D:4      | Reached skill level 8 in Axes
  3188 | D:4      | Received a gift from Trog
  3202 | D:4      | Found a glowing drain.
  3206 | Sewer    | Entered a sewer
  3413 | Sewer    | Reached **** piety under Trog
  3488 | Sewer    | Reached skill level 6 in Fighting
  3490 | Sewer    | Reached XP level 7. HP: 52/63 MP: 7/7
  3787 | D:4      | Found a shimmering altar of Xom.
  3789 | D:4      | Found a hide-covered altar of Uskayaw.
  3789 | D:4      | Found an opulent altar of Gozag.
  3791 | D:4      | Found a basalt altar of Yredelemnul.
  3791 | D:4      | Found a blossoming altar of Fedhas.
  3791 | D:4      | Found a burning altar of Makhleb.
  3869 | D:4      | Found a white marble altar of Elyvilon.
  3947 | D:4      | Reached skill level 9 in Axes
  4175 | D:5      | Entered Level 5 of the Dungeon
  4175 | D:5      | Noticed krfreak's ghost (novice TeAE)
  4257 | D:5      | Found a staircase to the Ecumenical Temple.
  4266 | Temple   | Entered the Ecumenical Temple
  5111 | D:5      | Killed krfreak's ghost
  5111 | D:5      | Reached skill level 7 in Fighting
  5111 | D:5      | Reached skill level 10 in Axes
  5111 | D:5      | Reached XP level 8. HP: 73/73 MP: 8/8
  5313 | D:5      | Reached ***** piety under Trog
  5574 | D:6      | Reached skill level 11 in Axes
  5654 | D:6      | Found Zawaman's Food Boutique.
  5706 | D:6      | Found Xadeh's General Store.
  5711 | D:6      | HP: 15/74 [ogre/giant spiked club (14)]
  5889 | D:6      | Reached skill level 8 in Fighting
  5933 | D:6      | Found a sand-covered staircase.
  5942 | Ossuary  | Entered an ossuary
  6067 | Ossuary  | Reached skill level 12 in Axes
  6320 | Ossuary  | Reached XP level 9. HP: 82/82 MP: 9/9
  6499 | D:6      | Found Ujupa's Weapon Shop.
  6948 | D:6      | Found Hemy's Armour Shop.
  7193 | D:7      | Reached skill level 9 in Fighting
  7195 | D:7      | Noticed a two-headed ogre
  7210 | D:7      | HP: 18/83 [two-headed ogre/giant club (5)]
  7210 | D:7      | Slain by a two-headed ogre

Vault maps used:
D:1:      dpeg_arrival_rhombus, serial_forest, infiniplex_forest_3_way,
          infiniplex_forest_end_3, infiniplex_forest_lined_room_,
          infiniplex_forest_clump_tiny, infiniplex_forest_straight_3,
          minmay_misc_feat_five
D:2:      gammafunk_temple_overflow_statue
D:3:      cheibriados_altar_1
D:4:      doesnt_xom_only_xom, portal_sewer_entry_e, first_bread,
          wad_floor_pattern_untrapped, elyvilon_altar_3
D:5:      lemuel_temple_firewalk_b
D:6:      serial_shops, nicolae_shop_crystal, nicolae_shop_statue_plus, shop,
          nicolae_shop_waterfront, enter_ossuary_3
D:7:      the_bakery, uniq_menkaure
Temple:   regret_index_temple_waves
Sewer:    kennysheep_pipe_town
Ossuary:  ossuary_tomb_1

Skill      XL: |  1  2  3  4  5  6  7  8  9 |
---------------+----------------------------+-----
Fighting       | 4 5 6 7 8 9 |  9.1
Axes           | 5 6 7 8 10 12 | 12.9
Armour         | |  2.1
Dodging        | |  1.5

Action                   |  1- 3 |  4- 6 |  7- 9 || total
-------------------------+-------+-------+-------++-------
Melee: Hand axe          |   111 |    71 |       ||   182
       War axe           |       |   140 |   284 ||   424
Invok: Berserk           |     2 |     5 |     6 ||    13
       Trog's Hand       |       |     1 |     1 ||     2
       Brothers in Arms  |       |       |     1 ||     1
  Use: Scroll            |       |     8 |     4 ||    12
       Potion            |       |     1 |     1 ||     2
 Stab: Sleeping          |     1 |       |       ||     1
  Eat: Chunk             |     3 |    10 |    14 ||    27
       Royal jelly       |       |     1 |     1 ||     2
       Fruit             |       |       |     5 ||     5
Armor: Ring mail         |    16 |       |       ||    16
       Animal skin       |     1 |       |       ||     1
       Chain mail        |    20 |   121 |   128 ||   269
Dodge: Dodged            |    60 |   109 |   100 ||   269

Table legend:
 A = Turns spent in this place as a percentage of turns spent in the entire game.
 B = Non-inter-level travel turns spent in this place as a percentage of non-inter-level travel turns spent in the entire game.
 C = Inter-level travel turns spent in this place as a percentage of turns spent in this place.
 D = Turns resting spent in this place as a percentage of non-inter-level travel turns spent in this place.
 E = Turns spent auto-exploring this place as a percentage of non-inter-level travel turns spent in this place.
 F = Non-inter-level travel turns spent in this place divided by the number of levels of this place that you've seen.
                   A       B       C       D       E      F
               +-------+-------+-------+-------+-------+----------------------
         Total | 100.0 | 100.0 |   0.5 |   2.8 |   5.9 | 250.1
       Dungeon |  78.9 |  78.8 |   0.6 |   3.0 |   6.4 | 281.6
        Temple |   1.1 |   1.0 |   3.7 |   0.0 |  50.0 |  26.0
         Sewer |   9.0 |   9.0 |   0.0 |   1.8 |   3.6 | 225.0
       Ossuary |  11.1 |  11.2 |   0.0 |   2.5 |   0.0 | 279.0
               +-------+-------+-------+-------+-------+----------------------

Table legend:
 A = Kills in this place as a percentage of kills in entire the game.
 B = Kills by you in this place as a percentage of kills by you in the entire game.
 C = Kills by friends in this place as a percentage of kills by friends in the entire game.
 D = Other kills in this place as a percentage of other kills in the entire game.
 E = Experience gained in this place as a percentage of experience gained in the entire game.
 F = Experience gained in this place divided by the number of levels of this place that you have seen.
                   A       B       C       D       E      F
               +-------+-------+-------+-------+-------+----------------------
         Total | 100.0 | 100.0 |  -nan |  -nan | 100.0 | 308.7
       Dungeon |  70.6 |  70.6 |  -nan |  -nan |  81.9 | 361.0
         Sewer |  11.2 |  11.2 |  -nan |  -nan |   4.5 | 138.0
       Ossuary |  18.2 |  18.2 |  -nan |  -nan |  13.7 | 422.0
               +-------+-------+-------+-------+-------+----------------------
